 Dungeon Crawl Stone Soup version 0.23.0-2-g0fe3ce5905 (webtiles) character file.

Game seed: 18094337968098094530

26 Dracia the Scratcher (level 2, -3/12 HPs)
             Began as a Felid Transmuter on Feb 20, 2019.
             Slain by Terence
             ... wielding a +4 short sword
              (5 damage)
             ... on level 2 of the Dungeon.
             The game lasted 00:02:04 (850 turns).

Dracia the Scratcher (Felid Transmuter)              Turns: 850, Time: 00:02:04

Health: -3/12      AC:  1    Str:  6    XL:     2   Next: 89%
Magic:  5/6        EV: 18    Int: 14    God:
Gold:   41         SH:  0    Dex: 16    Spells: 2/5 levels left
                                        Lives:  0   Deaths: 0

rFire    . . .     SeeInvis +     - Unarmed
rCold    . . .     Gourm    .   (shield unavailable)
rNeg     . . .     Faith    .   (armour unavailable)
rPois    .         Spirit   .   (helmet unavailable)
rElec    .         Reflect  .   (cloak unavailable)
rCorr    .         Harm     .   (gloves unavailable)
MR       .....                  (boots unavailable)
Stlth    ++........             (no amulet)
HPRegen  0.04/turn              (no ring)
MPRegen  0.10/turn              (no ring)

@: appendage (expiring), quick
A: very small, no armour, no weapons or thrown items, stealth, claws 1, fangs 3,
horns 2, see invisible, carnivore, speed 1, shaggy fur 1, slow metabolism 1,
sharp paws
a: End Transformation


You were on level 2 of the Dungeon.
You were completely stuffed.
You had grown temporary horns.
You visited 1 branch of the dungeon, and saw 2 of its levels.

You collected 41 gold pieces.


Innate Abilities, Weirdness & Mutations

You cannot wear armour.
You are incapable of wielding weapons or throwing items.
Your paws allow you to move quietly. (Stealth)
You have sharp claws.
You have razor-sharp teeth.
You have supernaturally acute eyesight. (SInv)
You are carnivorous and can eat meat at any time.
You cover ground quickly.
You are covered in fur. (AC +1)
You have a slow metabolism.
Your sharp claws are effective at attacking unaware monsters.
You have a pair of horns on your head.


   Skills:
 - Level 1.1 Fighting
 - Level 2.8 Dodging
 * Level 3.9 Unarmed Combat
 - Level 2.0 Spellcasting
 - Level 2.3 Transmutations


You had 2 spell levels left.
You knew the following spells:

 Your Spells              Type           Power        Failure   Level  Hunger
a - Beastly Appendage     Tmut           #.....       10%         1    ##.....
b - Sticks to Snakes      Tmut           #.......     14%         2    ###....

Your spell library contained the following spells:

 Spells                   Type           Power        Failure   Level  Hunger
 Spider Form              Tmut/Pois      #.........   41%         3    ####...
 Ice Form                 Ice/Tmut       #.......     82%         4    #####..
 Blade Hands              Tmut           #.........   95%         5    ######.

Inventory:

Missiles
 a - 12 arrows
Scrolls
 b - a scroll of blinking {unknown}
Comestibles
 c - 2 rations
 d - a chunk of flesh {@*1}

Dungeon Overview and Level Annotations

Branches:
Dungeon (2/15)

Altars:

Annotations:
D:2 Terence

#.#.............
#...............
#.###...รท.<...###
........#######
........#
#.###.#.## #.#..#
# #..## #.h.#
#.#@# .......
######.## .. ..#
#.# ..


You could see Terence.


Message History

All of the chunks of flesh in your inventory have rotted away.
HP restored.
You climb downwards.
There is a stone staircase leading up here.
You butcher the bat corpse.
d - a chunk of flesh {@*1} You see here a bat skeleton. x2
No target in view!
Terence the Incautious comes into view.
He is wielding a +4 short sword.
Terence is nearby!
Terence is nearby!
The helpless Terence fails to defend himself.
You scratch Terence. You bite Terence, but do no damage.
Terence is lightly wounded.
Terence completely misses you.
You scratch Terence.
Terence is moderately wounded.
Terence hits you with a +4 short sword.
You are too injured to fight recklessly!
You are too injured to fight recklessly!
You are too injured to fight recklessly!
You scratch Terence.
Terence is severely wounded.
Terence misses you.
You grow a pair of large bovine horns.
Terence hits you with a +4 short sword.
* * * LOW HITPOINT WARNING * * *
You scratch Terence. You headbutt Terence, but do no damage.
Terence is severely wounded.
Terence hits you with a +4 short sword.
You die...

Action                   || total
-------------------------++-------
Melee: Unarmed           ||    63
       Bite              ||     3
       Headbutt          ||     1
 Cast: Beastly Appendage ||     2
 Stab: Sleeping          ||     2
  Eat: Chunk             ||     7
Armor: Skin              ||     3
Dodge: Dodged            ||    56

Levels and vault maps discovered:
D:1:      doesnt_arrival_eight_statues, layout_basic, minmay_misc_feat_cross
D:2:      layout_basic, uniq_jessica, uniq_sigmund, uniq_terence

Notes
Turn   | Place    | Note
-------+----------+-------------------------------------------
     0 | D:1      | Dracia the Felid Transmuter began the quest for the Orb.
     0 | D:1      | Reached XP level 1. HP: 9/9 MP: 4/4
   121 | D:1      | Reached XP level 2. HP: 12/12 MP: 6/6
   592 | D:1      | Learned a level 2 spell: Sticks to Snakes
   840 | D:2      | Noticed Terence
   850 | D:2      | Slain by Terence

Vanquished Creatures
  An ooze (D:2)
  A leopard gecko (D:1)
  2 giant cockroaches (D:1)
  2 goblins (D:1)
  2 hobgoblins (D:1)
  2 kobolds (D:1)
  A ball python (D:1)
  5 bats
  5 frilled lizards (D:1)
  A rat (D:1)
22 creatures vanquished.
